Map: Central Protocol

Players

gslaug

  • Race: Protoss Protoss
  • League: Bronze

Miltreta - Winner!

  • Race: Terran Terran
  • League: Bronze

VOD

Have the link to the VOD?

Description

Time

  • Played on: March 15, 2016, 9:57 p.m.
  • Length: 16:43
Show
View Real Time Build Order
Export as new Build Order

gslaug Protoss 

Build Orders:  

Get SALT Encoding   

  12  0:04  Probe (Chrono Boost)  
  13  0:19  Pylon  
  13  0:24  Assimilator  
  13  0:36  Pylon  
  13  0:49  Forge  
  13  0:53  Probe (Chrono Boost)  
  14  1:03  Probe (Chrono Boost)  
  15  1:12  Gateway  
  15  1:18  Pylon  
  15  1:28  Pylon  
  15  1:31  Pylon  
  15  1:37  Probe (Chrono Boost)  
  16  1:47  Probe (Chrono Boost)  
  17  1:58  Photon Cannon  
  17  2:07  Probe (Chrono Boost)  
  18  2:12  Zealot  
  20  2:18  Probe (Chrono Boost)  
  21  2:26  Cybernetics Core  
  21  2:35  Photon Cannon  
  21  2:50  Assimilator  
  21  3:00  Photon Cannon  
  21  3:06  Photon Cannon  
  21  3:15  Gateway  
  21  3:18  Stalker  
  23  3:25  Probe (Chrono Boost)  
  24  3:36  Mothership Core (Chrono Boost), Protoss Ground Weapons Level 1  
  26  3:48  Stalker  
  28  4:00  Probe (Chrono Boost)  
  29  4:03  Stalker  
  31  4:10  Probe (Chrono Boost)  
  32  4:21  Stalker  
  34  4:33  Stalker  
  36  4:51  Stalker  
  38  5:03  Stalker  
  40  5:21  Stalker  
  42  5:31  Protoss Ground Armor Level 1  
  42  5:33  Stalker  
  44  5:50  Stargate  
  44  5:51  Zealot  
  46  6:03  Zealot  
  48  6:11  Pylon  
  48  6:18  Pylon  
  48  6:22  Nexus  
  48  6:30  Assimilator  
  48  6:35  Assimilator  
  48  6:41  Photon Cannon  
  48  6:46  Photon Cannon  
  48  7:10  Fleet Beacon  
  48  7:16  Stalker  
  48  7:18  Stalker  
  52  7:25  Protoss Shields Level 1  
  53  7:37  Probe (Chrono Boost)  
  53  7:47  Probe (Chrono Boost)  
  54  7:58  Probe (Chrono Boost), Graviton Catapult  
  55  8:17  Probe (Chrono Boost)  
  62  8:28  Probe (Chrono Boost)  
  62  8:30  Stalker  
  65  8:38  Probe (Chrono Boost), Stalker  
  68  8:49  Probe (Chrono Boost)  
  69  8:59  Probe (Chrono Boost)  
  70  9:07  Stalker  
  72  9:11  Stalker  
  74  9:28  Carrier  
  80  9:37  Stalker  
  82  9:54  Stalker  
  84  10:04  Pylon  
  84  10:07  Stalker  
  84  10:13  Pylon  
  86  10:22  Twilight Council  
  46  11:28  Photon Cannon  
  46  11:35  Photon Cannon  
  46  11:39  Photon Cannon  
  46  11:45  Photon Cannon  
  46  11:50  Probe (Chrono Boost)  
  47  11:56  Protoss Ground Weapons Level 2  
  47  12:00  Probe (Chrono Boost), Stalker  
  50  12:03  Stalker  
  50  12:07  Tempest  
  54  12:11  Probe (Chrono Boost)  
  55  12:21  Probe (Chrono Boost)  
  56  12:30  Stalker  
  56  12:32  Probe (Chrono Boost)  
  56  12:33  Stalker  
  59  13:01  Stalker  
  59  13:03  Stalker  
  63  13:14  Fleet Beacon  
  63  13:22  Pylon  
  63  13:32  Pylon  
  63  13:37  Stalker  
  63  13:39  Stalker  
  67  13:47  Photon Cannon  
  67  13:55  Void Ray  
  71  14:27  Stalker  
  71  14:30  Stalker  
  73  14:38  Tempest  
  77  15:03  Nexus  
  75  15:10  Pylon  
  45  15:37  Pylon  
  45  15:43  Photon Cannon  
Show
View Real Time Build Order
Export as new Build Order

Miltreta Terran - Winner!

Build Orders:  

Get SALT Encoding   

  12  0:01  SCV  
  13  0:13  SCV  
  14  0:19  Supply Depot  
  14  0:29  Refinery  
  14  0:30  SCV  
  15  0:44  Barracks  
  15  0:48  SCV  
  16  1:00  SCV  
  17  1:13  SCV  
  17  1:17  Refinery  
  18  1:26  SCV  
  19  1:33  Marine  
  19  1:36  Supply Depot  
  20  1:47  SCV  
  21  2:01  Barracks Tech Lab  
  21  2:08  Factory  
  21  2:14  Barracks  
  21  2:22  Marauder  
  23  2:24  Stimpack  
  24  2:30  Orbital Command  
  23  2:49  Marauder  
  25  2:57  Factory Tech Lab  
  25  3:10  Engineering Bay  
  27  3:20  Marauder  
  27  3:25  Siege Tank  
  30  3:28  Marine  
  31  3:38  Supply Depot  
  31  3:40  Supply Depot  
  31  4:00  SCV  
  32  4:12  SCV  
  32  4:15  Siege Tank  
  36  4:18  Barracks Tech Lab  
  36  4:19  Command Center  
  36  4:29  Concussive Shells  
  36  4:35  Marauder  
  36  4:36  SCV  
  38  5:03  Marauder  
  38  5:04  Marauder  
  42  5:08  Siege Tank  
  45  5:16  Missile Turret  
  45  5:22  Starport  
  46  5:28  SCV  
  46  5:31  Barracks  
  46  5:33  SCV  
  47  5:44  SCV  
  48  5:56  Supply Depot  
  48  5:58  SCV  
  49  6:04  Orbital Command  
  49  6:11  Supply Depot  
  49  6:32  Supply Depot x2  
  49  6:33  Supply Depot  
  49  6:34  SCV  
  49  6:35  SCV  
  51  6:43  Starport Reactor  
  51  6:46  Barracks Reactor, Command Center  
  55  7:01  Marauder x2  
  55  7:02  Siege Tank  
  58  7:15  Bunker  
  58  7:19  Terran Infantry Weapons Level 1  
  58  7:25  Medivac x2  
  58  7:27  Armory  
  62  7:37  Marine  
  62  7:38  Marine  
  62  7:39  Marine  
  62  7:40  Marine  
  66  7:46  Widow Mine  
  68  8:15  Medivac x2  
  72  8:21  SCV x2  
  72  8:23  Refinery  
  74  8:30  Refinery  
  74  9:14  Terran Infantry Armor Level 1  
  74  9:48  Marine x2  
  74  9:49  Marauder  
  74  9:50  Marauder  
  74  9:51  Siege Tank  
  83  9:52  Medivac  
  83  9:53  Medivac  
  87  10:24  Marine x2  
  87  10:25  Marauder x2  
  87  10:26  Siege Tank  
  63  11:14  Marine x3  
  63  11:15  Marauder  
  63  11:17  Siege Tank  
  71  11:18  Medivac x2  
  71  11:24  Orbital Command  
  77  11:33  Marauder  
  77  11:35  Barracks  
  77  11:36  Starport  
  77  11:37  Barracks  
  77  11:39  SCV  
  79  11:40  SCV  
  79  11:43  Marine  
  79  11:44  Marine  
  79  11:45  Marauder  
  70  12:16  Marine x2  
  70  12:17  Marine  
  70  12:18  Marine  
  70  12:28  Siege Tank  
  73  12:33  Starport Reactor  
  73  12:35  Barracks Reactor x2  
  64  12:56  Terran Vehicle And Ship Armor Level 1  
  64  12:57  Viking  
  64  12:58  Viking  
  68  13:09  Missile Turret  
  68  13:12  Missile Turret  
  68  13:26  Marine x3  
  68  13:27  Marine x3  
  71  13:29  Marauder x2  
  71  13:31  Thor  
  71  13:32  Viking x2  
  71  13:33  Viking x2  
  92  13:47  Refinery  
  92  13:48  Refinery  
  92  13:53  Supply Depot  
  92  13:56  Supply Depot  
  92  14:23  Marine x4  
  92  14:24  Marine x3  
  97  14:25  Marine  
  97  14:26  Siege Tank  
  97  14:28  Viking x2  
  90  15:19  Marine  
  90  15:20  Marine x5  
  94  15:23  Marine  
  94  15:24  Marine  
  94  15:25  Siege Tank  
  94  15:26  Viking x2  
  94  15:27  Viking  
  105  15:42  Marine x5  
  108  15:43  Marine x2  
  108  15:44  Marine  
  113  16:01  Marine x2  
  113  16:02  Marine x5  
Tags
 
Add a new tag
Caveats
  • Supply blocks, unpowered buildings, or Contaminate may cause inaccurate times.
  • Supply counts are checked every 10 seconds.